 Dungeon Crawl Stone Soup version 0.24-a0-464-g6b2be6b (webtiles) character file.

Game seed: 3999273259663746293

26114 Spazmo the Thaumaturge (level 12, 0/70 HPs)
             Began as a Deep Elf Fire Elementalist on July 2, 2019.
             Was an Elder of Sif Muna.
             Slain by a wolf (11 damage)
             ... in a Gauntlet on July 3, 2019.
             The game lasted 00:45:14 (15468 turns).

Spazmo the Thaumaturge (DEFE)                      Turns: 15468, Time: 00:45:14

Health: 0/70       AC:  6    Str:  5    XL:     12   Next: 95%
Magic:  10/30      EV: 18    Int: 26    God:    Sif Muna [****..]
Gold:   943        SH:  5    Dex: 15    Spells: 16/35 levels left

rFire    + . .     SeeInvis .   i - staff of conjuration
rCold    x . .     Gourm    .   D - +0 buckler
rNeg     . . .     Faith    .   O - +2 robe {MR+}
rPois    +         Spirit   .   r - +2 hat
rElec    .         Reflect  .   z - scarf {cloud immunity}
rCorr    .         Harm     .   (no gloves)
MR       ++...     NoTele   +   (no boots)
Stlth    ++........             (no amulet)
HPRegen  0.21/turn              L - ring of fire
MPRegen  0.22/turn              q - ring of poison resistance

@: berserk cooldown, slowed, very slow
A: no striking features
a: Channel Magic, Forget Spell, Divine Exegesis, Renounce Religion


You were in a Gauntlet.
You worshipped Sif Muna.
Sif Muna was greatly pleased with you.
You were not hungry.

You visited 3 branches of the dungeon, and saw 17 of its levels.
You also visited: Gauntlet.

You collected 943 gold pieces.

Inventory:

Hand Weapons
 e - a +3 short sword of freezing
Missiles
 k - 352 stones (quivered)
Armour
 r - a +2 hat (worn)
 s - a +2 robe of cold resistance
 z - a scarf of cloud immunity (worn)
 D - a +0 buckler (worn)
 O - a +2 robe of magic resistance (worn)
Magical Staves
 i - an uncursed staff of conjuration (weapon)
 G - an uncursed staff of death
 H - an uncursed staff of power
Jewellery
 p - an uncursed ring of resist corrosion
 q - a ring of poison resistance (right hand)
 v - an uncursed ring of see invisible
 I - an uncursed ring of protection from magic
 L - a ring of fire (left hand)
 M - the ring "Souwuet" {rF+ MP+9 Str+3 Dex-4}
   (You found it on level 2 of the Lair of Beasts)

   [ring of protection from fire]

   It affects your strength (+3).
   It affects your dexterity (-4).
   It protects you from fire.
   It affects your magic capacity (+9).
Wands
 w - a wand of digging (4)
 C - a wand of acid (9)
 K - a wand of scattershot (5)
Scrolls
 a - a scroll of summoning
 b - 4 scrolls of blinking
 d - 6 scrolls of identify
 f - 3 scrolls of fog
 h - 7 scrolls of teleportation
 j - 7 scrolls of magic mapping
 o - 12 scrolls of remove curse
 t - 6 scrolls of amnesia
 y - 3 scrolls of fear
 A - 2 scrolls of enchant weapon
Potions
 g - a potion of resistance
 l - 4 potions of mutation
 n - 4 potions of curing
 x - a potion of magic
Comestibles
 c - 31 rations
 m - 2 chunks of flesh


   Skills:
 - Level 6.0 Fighting
 - Level 9.1 Dodging
 - Level 2.4 Stealth
 - Level 4.0 Shields
 - Level 12.0 Spellcasting
 - Level 12.0 Conjurations
 + Level 4.6 Summonings
 - Level 12.0 Fire Magic
 + Level 4.2 Air Magic


You had 16 spell levels left.
You knew the following spells:

 Your Spells              Type           Power        Failure   Level  Hunger
a - Flame Tongue          Conj/Fire      #####        1%          1    None
b - Throw Flame           Conj/Fire      ######       1%          2    None
c - Conjure Flame         Conj/Fire      ########     1%          3    None
d - Sticky Flame          Conj/Fire      ########     1%          4    None
e - Fireball              Conj/Fire      ########..   1%          5    ###....
f - Summon Lightning Spi  Summ/Air       #####...     6%          4    None

Your spell library contained the following spells:

 Spells                   Type           Power        Failure   Level  Hunger
 Shock                    Conj/Air       ####         1%          1    None
 Summon Small Mammal      Summ           ####         1%          1    None
 Inner Flame              Hex/Fire       ######..     1%          3    None
 Static Discharge         Conj/Air       ######..     1%          3    None
 Swiftness                Chrm/Air       ####....     2%          2    None
 Animate Skeleton         Necr           N/A          3%          1    None
 Apportation              Tloc           ###...       3%          1    None
 Confusing Touch          Hex            ###...       3%          1    None
 Lightning Bolt           Conj/Air       ######....   3%          5    ###....
 Airstrike                Air            #####.....   6%          4    None
 Conjure Ball Lightning   Conj/Air       ######....   21%         6    #####..
 Silence                  Hex/Air        ####......   41%         5    ###....
 Deflect Missiles         Chrm/Air       ####......   94%         6    #####..
 Tornado                  Air            #####.....   100%        9    #######


Dungeon Overview and Level Annotations

Branches:
Dungeon (10/15)            Temple (1/1) D:4            Lair (6/6) D:9
 Shoals (0/4) Lair:3       Spider (0/4) Lair:4        Slime (0/5) Lair:5
    Orc: D:9-12

Altars:
Ashenzari
Cheibriados
Dithmenos
Elyvilon
Fedhas
Gozag
Hepliaklqana
Kikubaaqudgha
Makhleb
Nemelex Xobeh
Okawaru
Qazlal
Ru
Sif Muna
Trog
Uskayaw
Vehumet
Wu Jian
Xom
Yredelemnul
Zin
The Shining One
Jiyva

Portals:
Trove: D:10 (give +3 shadow dragon scales)

Annotations:
D:3 2 transporters, edsrzf's ghost, novice DEEn
Lair:2 1 runed translucent door, Omithoeq's ghost, journeyman DEEE Gauntlet 11 transporters, exclusion: obsidian statue


Message History

The wolf closely misses you. The wolf completely misses you.
You feel better.
The wolf burns! x2; The wolf barely misses you.
The wolf completely misses you. The wolf misses you. x2
Unknown command.
The wolf burns!
You hear a howl!
The wolf bites you!
* * * LOW HITPOINT WARNING * * *
You block the wolf's attack.
Unknown command.
Casting: Sticky Flame (safe; 1% risk of failure)
Confirm with . or Enter, or press ? or * to list all spells.
Aiming: Sticky Flame (safe; 1% risk of failure)
Press: ? - help, Shift-Dir - straight line, f/p - wolf
Aim: a wolf (almost dead, berserk, fast, unusually strong, covered in liquid flames)
You feel a strong surge of power!
The sticky flame hits the wolf!
You kill the wolf!
Sif Muna accepts your kill.
The wolf misses you. x2; The wolf bites you!
You die...

#≈..#hh.......#..≈#
##..#.##h..##.#..############
#§§§#.#.###.#.#..≈#≈#≈#≈#≈#≈#
##§.#..##.##..#.∩...........≈
#§§.#....©.†..#......©......#
##§.#..##.##..#..#########..≈
#§§.#.#.###.#†#..##..#.#.#..#
##§.#.##...##h#..#.##.#.##..≈
#≈..#..!.©.[@.#..##..##.##..#
##..###########..##.#©.#.#..≈
#≈......#©#......#J#..##.#..#
##......#©#......#.###.^##..≈
#≈..###########..##.[©[.##..#
##..#..≈≈..WW.#..#########§§≈
#§..#.≈..≈..≈.#.....#©#...§§#
##..#.≈.≈≈.≈≈.#.....#©#....§≈
#§..#≈.≈...≈..#..#########.§#


You could see a death ooze, 2 shadows and a wolf (berserk).

Vanquished Creatures
  4 hydras
  A two-headed ogre (D:10)
  Erica (D:10)
  A death yak (Lair:1)
  Nergalle (Lair:2)
  An unseen horror (D:9)
  An orb spider (Lair:4)
  A moth of wrath (Gauntlet)
  2 oklob plants (Lair:4)
  A merfolk siren (Lair:3)
  A torpor snail (Lair:1)
  6 spiny frogs
  3 black mambas
  2 centaur skeletons (D:10)
  3 komodo dragons
  A troll (D:9)
  A polar bear (Lair:4)
  A hornet (D:9)
  13 blink frogs
  Prince Ribbit (D:6)
  4 hippogriffs
  Sigmund (D:6)
  A wraith (D:9)
  6 yaks
  4 wyverns
  2 hungry ghosts
  2 steam dragons (D:5)
  12 water moccasins
  10 porcupines
  2 sky beasts
  2 black bears
  2 orc warriors
  An eye of draining (D:9)
  An ice beast (D:10)
  3 phantoms
  5 ogres
  9 wolves
  2 centaurs
  6 crocodiles
  A big kobold (D:9)
  15 bullfrogs
  2 gnoll sergeants
  A wyvern skeleton (D:9)
  A scorpion (D:9)
  A water moccasin skeleton (D:7)
  5 killer bees
  4 wights
  5 howler monkeys
  A crimson imp (D:4)
  5 jellies
  2 quasits
  6 hounds
  A centaur zombie (D:9)
  9 orc priests
  6 iguanas
  8 orc wizards
  6 worker ants
  A hound zombie (D:9)
  2 hound skeletons
  A howler monkey skeleton (D:9)
  9 gnolls
  11 adders
  A shadow imp (D:6)
  2 adder skeletons (D:4)
  An adder zombie (D:8)
  2 worms
  3 dart slugs
  4 leopard geckos
  38 orcs
  3 giant cockroaches
  5 goblins
  5 hobgoblins
  8 jackals
  3 quokkas
  3 ball pythons
  11 bats
  2 frilled lizards
  2 jackal skeletons
  A jackal zombie (D:2)
  4 kobolds
  A leopard gecko skeleton (D:6)
  A leopard gecko zombie (D:8)
  8 rats
  2 plants (Lair:4)
334 creatures vanquished.

Vanquished Creatures (collateral kills)
  2 plants (Lair:2)
2 creatures vanquished.

Vanquished Creatures (others)
  16 fungi
  6 plants
  A withered plant (Gauntlet)
23 creatures vanquished.

Grand Total: 359 creatures vanquished

Notes
Turn   | Place    | Note
-------+----------+-------------------------------------------
     0 | D:1      | Spazmo the Deep Elf Fire Elementalist began the quest for
                  | the Orb.
     0 | D:1      | Reached XP level 1. HP: 10/10 MP: 6/6
    45 | D:1      | Found a sparkling altar of Nemelex Xobeh.
   404 | D:1      | Reached XP level 2. HP: 15/15 MP: 1/8
   408 | D:1      | Learned a level 2 spell: Throw Flame
   858 | D:2      | Reached XP level 3. HP: 19/19 MP: 7/10
   863 | D:2      | Learned a level 3 spell: Conjure Flame
  1436 | D:3      | Found a transporter.
  1437 | D:3      | Noticed edsrzf's ghost (novice DEEn)
  1468 | D:3      | Reached XP level 4. HP: 24/24 MP: 9/12
  1476 | D:3      | Learned a level 4 spell: Sticky Flame
  1635 | D:3      | Found a transporter.
  1792 | D:3      | Found a shadowy altar of Dithmenos.
  1830 | D:3      | Reached XP level 5. HP: 16/28 MP: 3/14
  2060 | D:3      | Reached skill level 5 in Spellcasting
  2329 | D:4      | Reached skill level 5 in Fire Magic
  2456 | D:4      | Reached XP level 6. HP: 32/32 MP: 10/16
  2463 | D:4      | Learned a level 5 spell: Fireball
  2794 | D:4      | Reached XP level 7. HP: 30/36 MP: 13/18
  2816 | D:4      | Found a staircase to the Ecumenical Temple.
  2854 | Temple   | Entered the Ecumenical Temple
  3089 | D:4      | Reached skill level 5 in Conjurations
  3779 | D:4      | Found a deep blue altar of Sif Muna.
  3799 | D:4      | Became a worshipper of Sif Muna the Loreminder
  3861 | D:4      | Found a glowing golden altar of the Shining One.
  3983 | D:5      | Entered Level 5 of the Dungeon
  4045 | D:5      | Found a radiant altar of Vehumet.
  4119 | D:5      | Noticed a steam dragon
  4125 | D:5      | Killed a steam dragon
  4131 | D:5      | Noticed a steam dragon
  4142 | D:5      | Killed a steam dragon
  4142 | D:5      | Reached XP level 8. HP: 11/41 MP: 10/21
  4741 | D:5      | Found an ornate altar of the Wu Jian Council.
  4746 | D:5      | Found a shattered altar of Ashenzari.
  4938 | D:6      | Noticed Sigmund
  5225 | D:6      | Killed Sigmund
  5225 | D:6      | Identified the +5 ring mail of the Dropbear {Int+3}
  5229 | D:6      | Reached XP level 9. HP: 45/45 MP: 9/24
  5617 | D:6      | Reached * piety under Sif Muna
  5798 | D:6      | Noticed Prince Ribbit
  5802 | D:6      | Killed Prince Ribbit
  5802 | D:6      | Reached skill level 10 in Spellcasting
  6747 | D:8      | Found an opulent altar of Gozag.
  6747 | D:8      | Found an ancient bone altar of Kikubaaqudgha.
  6913 | D:8      | Reached ** piety under Sif Muna
  7416 | D:8      | Found a sparkling altar of Nemelex Xobeh.
  7425 | D:8      | Reached XP level 10. HP: 14/50 MP: 10/27
  7524 | D:8      | Found a stormy altar of Qazlal.
  7526 | D:8      | Found a hazy altar of Hepliaklqana.
  7526 | D:8      | Found a sacrificial altar of Ru.
  7527 | D:8      | Found a shimmering altar of Xom.
  7764 | D:9      | Reached skill level 1 in Shields
  7950 | D:9      | Reached skill level 10 in Fire Magic
  8448 | D:9      | Noticed an unseen horror
  8455 | D:9      | Killed an unseen horror
  8481 | D:9      | Found a staircase to the Lair.
  8602 | D:9      | Reached skill level 10 in Conjurations
  8735 | D:9      | Reached *** piety under Sif Muna
  9063 | D:10     | Entered Level 10 of the Dungeon
  9257 | D:10     | Reached XP level 11. HP: 49/54 MP: 24/29
  9510 | D:10     | Noticed Erica
  9531 | D:10     | Killed Erica
  9606 | D:10     | Found a portal to a secret trove of treasure.
  9617 | D:10     | Noticed a two-headed ogre
  9628 | D:10     | Killed a two-headed ogre
  9805 | Lair:1   | Entered Level 1 of the Lair of Beasts
 10341 | Lair:1   | Found a snail-covered altar of Cheibriados.
 10626 | Lair:1   | Noticed a five-headed hydra
 10657 | Lair:1   | Killed a five-headed hydra
 11010 | Lair:2   | Found a runed translucent door.
 11010 | Lair:2   | Noticed a death yak
 11035 | Lair:1   | Killed a death yak
 11355 | Lair:2   | Reached skill level 1 in Fighting
 11357 | Lair:2   | Noticed Omithoeq's ghost (journeyman DEEE)
 11386 | Lair:2   | Got a fine glass ring
 11387 | Lair:2   | Identified the ring "Souwuet" {rF+ MP+9 Str+3 Dex-4} (You
                  | found it on level 2 of the Lair of Beasts)
 11432 | Lair:2   | Reached **** piety under Sif Muna
 11720 | Lair:2   | Noticed Nergalle
 11734 | Lair:2   | Killed Nergalle
 11734 | Lair:2   | Reached skill level 5 in Dodging
 12317 | Lair:3   | Reached XP level 12. HP: 41/64 MP: 29/30
 13093 | Lair:3   | Found a staircase to the Shoals.
 13319 | Lair:4   | Found a hole to the Spider Nest.
 13373 | Lair:4   | Noticed a six-headed hydra
 13384 | Lair:4   | Killed a six-headed hydra
 13390 | Lair:4   | Reached skill level 5 in Fighting
 13507 | Lair:4   | Noticed a four-headed hydra
 13522 | Lair:4   | Killed a four-headed hydra
 14229 | Lair:5   | Learned a level 4 spell: Summon Lightning Spire
 14260 | Lair:5   | Reached skill level 1 in Summonings
 14323 | Lair:5   | Reached skill level 1 in Air Magic
 14354 | Lair:5   | Found a viscous altar of Jiyva.
 14355 | Lair:5   | Found a staircase to the Slime Pits.
 14764 | Lair:5   | Noticed a four-headed hydra
 14781 | Lair:5   | Killed a four-headed hydra
 15014 | Lair:6   | Entered Level 6 of the Lair of Beasts
 15259 | Lair:6   | Found a gate leading to a gauntlet.
 15273 | Gauntlet | Entered a Gauntlet
 15273 | Gauntlet | Found a transporter.
 15273 | Gauntlet | Found a transporter.
 15273 | Gauntlet | Found a transporter.
 15274 | Gauntlet | Found a transporter.
 15275 | Gauntlet | Found a transporter.
 15275 | Gauntlet | Noticed a death ooze
 15278 | Gauntlet | Found a transporter.
 15284 | Gauntlet | Found a transporter.
 15286 | Gauntlet | Found a transporter.
 15287 | Gauntlet | Found a transporter.
 15289 | Gauntlet | Found a transporter.
 15297 | Gauntlet | Found a transporter.
 15308 | Gauntlet | Found a transporter.
 15460 | Gauntlet | HP: 3/70 [wolf (10)]
 15468 | Gauntlet | Slain by a wolf

Levels and vault maps discovered:
D:1:      elethiomel_arrival_quiet, layout_loops_corners,
          nemelex_xobeh_ov_fountains_minmay
D:2:      layout_rooms, serial_undead, serial_undead_b, serial_undead_b,
          serial_undead_f, serial_undead_a
D:3:      layout_loops_cross, grunt_dithmenos_smoke, gammafunk_ghost_stat_death
D:4:      layout_loops_cross, led_sif_book, lemuel_doored_altar,
          minmay_temple_entry_overgrown, first_ration,
          minmay_fractal_squares_gapless_5
D:5:      kennysheep_steamy, layout_basic, old_standard_altar, minitemple
D:6:      layout_loops_corners, uniq_sigmund, uniq_prince_ribbit1
D:7:      layout_basic
D:8:      layout_rooms, grunt_temple_overflow_open
D:9:      kennysheep_blocky_room, layout_rooms, lair_entry_dummy,
          blue_anna_alchemist [blue_anna_fruit_fields, blue_anna_fruit_fields]
D:10:     layout_basic, enter_trove_1, uniq_erica
Temple:   compressed_dpeg_triangle_lava_temple
Lair:1:   wander_river, layout_chaotic_city, basic_altar
Lair:2:   layout_cave_shapes, hellmonk_ghost_happy_afterlife, uniq_nergalle
Lair:3:   layout_cave_pods, elwin_shoals_entry_rooms, minmay_stone_trees_small
Lair:4:   layout_roguey, nicolae_spider_entry_orb_guardian, lemuel_fruit_fields,
          minmay_lair_oklob_chamber, serial_bayou_shore_b
Lair:5:   layout_regular_city, dpeg_slime_entry_enclosed_altar
Lair:6:   hangedman_lair_tendril_chambers, layout_layer_cave,
          gauntlet_entry_generic, st_stairs_11, lemuel_fruit_tree
Gauntlet: minmay_gauntlet_mixed_big_or_small [gammafunk_gauntlet_arena_corners,
          minmay_gauntlet_arena_77_mess, nicolae_gauntlet_arena_flowing_pool,
          minmay_gauntlet_arena_77_two_paths, nicolae_gauntlet_arena_t_cross,
          minmay_gauntlet_arena_77_radiant_squares, gauntlet_exit_watery]

Skill      XL: |  1  2  3  4  5  6  7  8  9 10 11 12 |
---------------+-------------------------------------+-----
Conjurations   | 2 3 4 6 7 9 10 12 | 12.0
Fire Magic     | 4 5 6 8 9 10 12 | 12.0
Spellcasting   | 4 5 6 7 9 11 12 | 12.0
Shields        | 3 4 |  4.0
Dodging        | 5 9 |  9.1
Fighting       | 3 6 |  6.0
Summonings     | 4 |  4.6
Air Magic      | 4 |  4.2
Stealth        | |  2.4

Action                   |  1- 3 |  4- 6 |  7- 9 | 10-12 || total
-------------------------+-------+-------+-------+-------++-------
Melee: Short sword       |       |    22 |    76 |       ||    98
       Staff             |       |       |       |    17 ||    17
Throw: Stone             |     6 |       |       |       ||     6
 Cast: Flame Tongue      |    57 |   102 |   170 |   350 ||   679
       Throw Flame       |     4 |     5 |    33 |    86 ||   128
       Sticky Flame      |       |     4 |    12 |    87 ||   103
       Fireball          |       |       |    10 |    19 ||    29
       Conjure Flame     |       |       |     4 |     7 ||    11
  Use: Scroll            |     9 |     1 |     4 |    10 ||    24
       Potion            |     1 |       |       |     5 ||     6
  Eat: Chunk             |     2 |     4 |    10 |    17 ||    33
       Ration            |       |       |     2 |     3 ||     5
Armor: Robe              |       |    11 |    23 |    34 ||    68
Dodge: Dodged            |    10 |    28 |    90 |   142 ||   270
Block: Buckler           |       |       |     2 |    51 ||    53

Table legend:
 A = Non-vault XP
 B = Vault XP
 C = Vault XP percentage of total XP
 D = Non-vault monster count
 E = Vault monster count
 F = Vault count percentage of total count
                 A         B        C        D         E       F
            +---------+---------+-------+---------+---------+-------
      Total |   30362 |    6945 |  18.6 |     300 |      32 |   9.6
            +---------+---------+-------+---------+---------+-------
        D:1 |      34 |       0 |   0.0 |      15 |       0 |   0.0
        D:2 |      60 |       1 |   1.6 |      19 |       1 |   5.0
        D:3 |     209 |       0 |   0.0 |      33 |       0 |   0.0
        D:4 |     693 |     184 |  21.0 |      24 |       6 |  20.0
        D:5 |     340 |     360 |  51.4 |       4 |       2 |  33.3
        D:6 |    1264 |     502 |  28.4 |      26 |       2 |   7.1
        D:7 |     563 |       0 |   0.0 |      11 |       0 |   0.0
        D:8 |    1495 |       0 |   0.0 |      35 |       0 |   0.0
        D:9 |    4116 |     733 |  15.1 |      35 |       8 |  18.6
       D:10 |    2939 |     897 |  23.4 |      29 |       1 |   3.3
     Lair:1 |    3479 |       0 |   0.0 |       9 |       0 |   0.0
     Lair:2 |    2118 |     785 |  27.0 |      10 |       1 |   9.1
     Lair:3 |    3008 |     481 |  13.8 |      18 |       1 |   5.3
     Lair:4 |    4895 |    1791 |  26.8 |      14 |       4 |  22.2
     Lair:5 |    3569 |       0 |   0.0 |      12 |       0 |   0.0
     Lair:6 |    1580 |     354 |  18.3 |       6 |       2 |  25.0
   Gauntlet |       0 |     857 | 100.0 |       0 |       4 | 100.0
            +---------+---------+-------+---------+---------+-------
